 Dungeon Crawl Stone Soup version 0.31-a0-344-gd109795599 (webtiles) character file.

Game seed: 14529192433183612352

379 Flugkiller the Insei (level 6, -5/63 HPs)
             Began as an Octopode Shapeshifter on July 21, 2023.
             Killed from afar by an orc wizard (15 damage)
             ... with a puff of flame
             ... on level 4 of the Dungeon.
             The game lasted 00:01:50 (2093 turns).

Flugkiller the Insei (Octopode Shapeshifter)        Turns: 2093, Time: 00:01:51

Health: -5/63      AC: 23    Str: 20    XL:     6   Next: 74%
Magic:  15/15      EV:  2    Int: 10    God:
Gold:   61         SH:  0    Dex: 15    Spells: 5/5 levels left

rFire   . .          .
                       - Unarmed
rCold   . . .        (no shield)
rNeg    . . .        (helmet currently unavailable)
rPois   +            (no amulet)
rElec   .            m - ring of magical power
rCorr   .            p - +6 ring of strength
SInv    .            (no ring)
Will    .....        (no ring)
Stlth   +            (no ring)
HPRegen 0.30/turn    (no ring)
MPRegen 0.14/turn    (no ring)
                     (no ring)

%: no passive effects
@: confused, tree-form
A: stationary, stasis, torment immunity, boosted hp, almost no armour,
(amphibious), 8 rings, (camouflage 1), (gelatinous body 1), (nimble swimmer 1),
(tentacles)
a: no special abilities


You were on level 4 of the Dungeon.
You were a tree.
You visited 1 branch of the dungeon, and saw 4 of its levels.

You collected 61 gold pieces.

Inventory:

Jewellery
 h - a ring of fire
   (You found it on level 2 of the Dungeon)
 i - a ring of fire
   (You found it on level 2 of the Dungeon)
 m - a ring of magical power (left branch)
   (You took it off a hobgoblin on level 3 of the Dungeon)
 p - a +6 ring of strength (right branch)
   (You found it on level 3 of the Dungeon)
Talismans
 b - a beast talisman
Scrolls
 c - a scroll of silence {unknown}
 e - a scroll of noise {unknown}
 g - a scroll of vulnerability {unknown}
 k - 2 scrolls of identify {unknown}
 l - a scroll of amnesia {unknown}
 n - 2 scrolls of blinking {unknown}
 o - 3 scrolls of teleportation {unknown}
Potions
 a - a potion of lignification
 d - a potion of brilliance {unknown}
 f - a potion of attraction
 j - a potion of might {unknown}


   Skills:
 + Level 3.3 Fighting
 + Level 3.8 Dodging
 + Level 4.4 Unarmed Combat
 + Level 4.0 Shapeshifting


You had 5 spell levels left.
You didn't know any spells.
Your spell library contained the following spells:

 Spells                   Type           Power      Damage    Failure   Level
 Apportation              Tloc           0%         N/A       36%         1
 Cause Fear               Hex            0%         N/A       98%         4
 Summon Lightning Spire   Summ/Air       0%         N/A       98%         4
 Alistair's Intoxication  Tmut/Pois      0%         N/A       100%        5
 Fireball                 Conj/Fire      0%         3d3       100%        5
 Lee's Rapid Deconstruct  Erth           0%         3d4*      100%        5
 Dragon's Call            Summ           0%         N/A       100%        9
 Animate Armour           Summ/Erth      Unusable   N/A       N/A         4

Dungeon Overview and Level Annotations

Branches:
Dungeon (4/15) Zot: 21915
 Temple: D:4-7

Altars:

Annotations:
D:3 1 runed translucent door, Crazy Yiuf


Innate Abilities, Weirdness & Mutations

You are a tree.
Your roots penetrate the ground, keeping you stationary.
You cannot be teleported.
You are immune to unholy pain and torment.
Your maximum health is greatly increased.
You cannot wear most types of armour.
((You are amphibious.))
You can wear up to eight rings at the same time.
((Your skin changes colour to match your surroundings (Stealth+).))
((Your rubbery body absorbs attacks. (AC +1, EV +1)))
((You are camouflaged when in or above water. (Stealth+)))
((You have tentacles for arms and can constrict up to eight enemies at once.))


Message History

No reachable target in view!
Could not explore, unopened runed door.
Could not explore, unopened runed door.
No reachable target in view!
Press: ? - help, v - describe, . - travel
Here: Crazy Yiuf, wielding a +3 quarterstaff of chaos and wearing a +0 cloak (fire blocked by a runed translucent door)
The floor.
Unknown command.
(D) Dungeon
Where to? (Enter - D:3, ? - help)
There is a stone staircase leading down here.
You climb downwards.
Found a stone staircase leading up.
There is a stone staircase leading up here.
Unknown command.
There is a stone staircase leading up here.
Found a scale mail.
Found a stone staircase leading down.
Found a scale mail.
No target in view!
Found a stone staircase leading up.
An orc wizard and an orc come into view.
The orc wizard shouts!
The orc shouts!
There are monsters nearby!
There are monsters nearby!
An orc comes into view. It is wielding a +0 flail.
An orc comes into view. It is wielding a +0 club.
The orc wizard casts a spell.
The orc wizard flickers and vanishes!
Deactivating autopickup; reactivate with Ctrl-A.
The orc completely misses you.
You barely miss the orc. Your grab misses the orc. You tentacle-slap the orc.
You grab the orc.
The orc is severely wounded.
You constrict the orc, but do no damage.
The orc completely misses you.
You tentacle-slap the orc but do no damage.
The orc is severely wounded.
You constrict the orc.
You kill the orc!
You hear some strange, mumbled words.
Something tries to affect you, but you resist.
The orc misses you. Something hits you.
Things that are here:
a +0 mace; a +0 ring mail; an orc corpse You bludgeon the orc!
You kill the orc!
Something hits you.
You tentacle-slap something. The orc hits you with a +0 flail.
Something hits you.
You bludgeon the orc!
You kill the orc!
You hear some strange, mumbled words.
A puff of flame appears from out of thin air!
The puff of flame misses you.
No target in view!
No target in view!
You tentacle-slap something but do no damage.
Your squeeze misses something. Something hits you.
You closely miss something.
You hear some strange, mumbled words.
A magic dart appears from out of thin air!
The magic dart hits you!
You tentacle-slap something. You squeeze something. Something hits you.
You tentacle-slap something but do no damage.
Something hits you.
You barely miss something.
You hear some strange, mumbled words.
A magic dart appears from out of thin air!
The magic dart hits you.
* * * LOW HITPOINT WARNING * * *
You tentacle-slap something. Your squeeze misses something.
Something barely misses you.
You miss something. Your squeeze misses something.
Something completely misses you.
You barely miss something. Your squeeze misses something. You miss something.
Something hits you.
* * * LOW HITPOINT WARNING * * *
You miss something. Something hits you.
* * * LOW HITPOINT WARNING * * *
You tentacle-slap something but do no damage.
Something hits you.
* * * LOW HITPOINT WARNING * * *
Unknown command.
Really quaff the potion of lignification?
Your transformation has ended.
You turn into a tree.
Your roots penetrate the ground.
You hear some strange, mumbled words.
You are confused.
Unknown command.
You cannot move. (Use ctrl+direction or * direction to attack while stationary and confused.)
You cannot move. (Use ctrl+direction or * direction to attack while stationary and confused.)
You cannot move. (Use ctrl+direction or * direction to attack while stationary and confused.)
You completely miss something. Something hits you but does no damage.
You barely miss something. Your punch misses something.
An orc wizard appears from thin air!
Reactivating autopickup.
The orc wizard casts a spell at you. The puff of flame hits you!
You die...

### .... #######....
#######..........
...<.............
#################)..$....o..
................♣o.........o
##################......[...
#.....>.... #..........
###########


You could see an orc wizard.

Vanquished Creatures
  Sigmund (D:3)
  A scorpion (D:3)
  Jessica (D:3)
  Natasha (D:2)
  A gnoll (D:3)
  5 adders
  A worm (D:3)
  A dart slug (D:1)
  4 orcs
  2 bats (D:2)
  7 endoplasms
  A giant cockroach (D:2)
  9 hobgoblins
  6 kobolds
  2 quokkas (D:1)
  8 ball pythons
  3 frilled lizards
  3 goblins
  5 rats
62 creatures vanquished.

Notes
Turn   | Place    | Note
-------+----------+-------------------------------------------
     0 | D:1      | Flugkiller the Octopode Shapeshifter began the quest for
                  | the Orb.
     0 | D:1      | Reached XP level 1. HP: 13/13 MP: 1/1
    75 | D:1      | Reached XP level 2. HP: 18/18 MP: 2/2
   256 | D:1      | Reached XP level 3. HP: 23/23 MP: 3/3
   849 | D:2      | Noticed Natasha
   859 | D:2      | Killed Natasha
   922 | D:2      | Reached XP level 4. HP: 28/29 MP: 4/4
  1290 | D:3      | Noticed a scorpion
  1298 | D:3      | Killed a scorpion
  1299 | D:3      | Reached XP level 5. HP: 23/35 MP: 5/5
  1415 | D:3      | Noticed Jessica
  1420 | D:3      | Killed Jessica
  1689 | D:3      | Noticed Sigmund
  1707 | D:3      | Killed Sigmund
  1708 | D:3      | Reached XP level 6. HP: 42/42 MP: 6/6
  1883 | D:3      | Found a runed translucent door.
  1884 | D:3      | Noticed Crazy Yiuf
  2093 | D:4      | Killed from afar by an orc wizard

Illustrated notes

Levels and vault maps discovered:
D:1:      sevenhm_arrival_forest_fort_small_3, layout_basic,
          nicolae_twisty_statue_hallways
D:2:      layout_basic, hellmonk_ecumenical_altar_slurped_away,
          grunt_ministairs_9, corner_web_ring, hangedman_decor_push,
          uniq_natasha
D:3:      layout_rooms, minmay_checkerbox, uniq_sigmund, uniq_jessica,
          uniq_crazy_yiuf_cottage
D:4:      layout_rooms, corexii_checkpoint_b, uniq_eustachio

Skill      XL: |  1  2  3  4  5 |
---------------+----------------+-----
Fighting       | 2 3 |  3.3
Dodging        | 3 |  3.8
Unarmed Combat | 4 |  4.4
Shapeshifting  | 4 |  4.0

Action                     |  1- 3 |  4- 6 || total
---------------------------+-------+-------++-------
  Melee: Unarmed           |    41 |    80 ||   121
         Constrict         |    11 |    17 ||    28
         Tentacles         |     8 |    16 ||    24
         Punch             |     3 |     1 ||     4
    Use: Potion            |       |     2 ||     2
   Stab: Sleeping          |     7 |     7 ||    14
 Armour: Skin              |     3 |     3 ||     6
  Dodge: Dodged            |    17 |    28 ||    45

Table legend: (Time is in decaauts)
 A = Elapsed time spent in this place.
 B = Non-inter-level travel time spent in this place.
 C = Inter-level travel time spent in this place.
 D = Time resting spent in this place.
 E = Time spent auto-exploring this place.
 F = Levels seen in this place.
 G = Mean time per level.
                   A        B        C        D        E       F      G
               +--------+--------+--------+--------+--------+-----+--------+
         Total |   2083 |   1973 |    110 |    274 |   1282 |   4 |  520.8 |
       Dungeon |   2083 |   1973 |    110 |    274 |   1282 |   4 |  520.8 |
               +--------+--------+--------+--------+--------+-----+--------+

Top non-repeatable levels by time:
     D:2: 747 daAuts
     D:3: 661 daAuts
     D:1: 621 daAuts
     D:4: 52 daAuts
